 Dungeon Crawl Stone Soup version 0.25-a0-558-g78a2afb0af (webtiles) character file.

Game seed: 9243968819835602186, levelgen mode: deterministic

204 DerDa the Firebug (level 5, -1/52 HPs)
             Began as a Demonspawn Fire Elementalist on Feb 24, 2020.
             Slain by an orc warrior
             ... wielding a +0 trident
              (6 damage)
             ... on level 4 of the Dungeon.
             The game lasted 00:08:15 (2809 turns).

DerDa the Firebug (Demonspawn Fire Elementalist)    Turns: 2809, Time: 00:08:16

Health: -1/52      AC: 22    Str:  8 (9)  XL:     5   Next: 52%
Magic:  8/19       EV:  2    Int: 15 (17) God:
Gold:   204        SH:  0    Dex: 12 (13) Spells: 5/10 levels left

rFire    . . .     SeeInvis .   b - +0 whip
rCold    . . .     Gourm    .   (no shield)
rNeg     + + +     Faith    .   (armour currently unavailable)
rPois    +         Spirit   .   (helmet currently unavailable)
rElec    .         Reflect  .   (cloak currently unavailable)
rCorr    .         Harm     .   (gloves currently unavailable)
MR       .....     NoTele   +   (boots currently unavailable)
Stlth    ++........             (no amulet)
HPRegen  0.17/turn              l - ring of positive energy
MPRegen  0.16/turn              o - ring of magical power

@: brilliant, tree-form, very slightly contaminated
A: no striking features
a: no special abilities


You were on level 4 of the Dungeon.
You were hungry.
You were a tree.
You visited 2 branches of the dungeon, and saw 6 of its levels.

You collected 204 gold pieces.

Inventory:

Hand Weapons
 b - a +0 whip (weapon)
Missiles
 g - 38 sling bullets
 n - 34 stones (quivered)
 t - 20 poisoned darts
Armour
 a - a +0 robe (melded)
 d - a +0 buckler
 h - a +0 pair of gloves (melded)
 p - a +1 pair of boots (melded)
Jewellery
 l - a ring of positive energy (left branch)
 o - a ring of magical power (right branch)
Scrolls
 e - 5 scrolls of identify {unknown}
 m - 2 scrolls of remove curse
 q - 2 scrolls of fog {unknown}
 r - 5 scrolls of teleportation {unknown}
 s - a scroll of enchant weapon {unknown}
 w - a scroll of immolation {unknown}
 y - a scroll of magic mapping {unknown}
 A - a scroll of fear {unknown}
Potions
 f - a potion of lignification
 j - a potion of brilliance
 k - a potion of berserk rage {unknown}
 u - a potion of might {unknown}
 v - a potion of invisibility {unknown}
 x - a potion of heal wounds {unknown}
Comestibles
 c - 3 rations
 z - 3 chunks of flesh


   Skills:
 - Level 1.7 Dodging
 - Level 1.7 Stealth
 * Level 1.1 Shields
 * Level 3.3 Spellcasting
 * Level 3.0 Conjurations
 * Level 3.8 Fire Magic


You had 5 spell levels left.
You knew the following spells:

 Your Spells              Type           Power        Failure   Level  Hunger
a - Foxfire               Conj/Fire      ###.         4%          1    None
b - Sticky Flame          Conj/Fire      ###.....     43%         4    ###....

Your spell library contained the following spells:

 Spells                   Type           Power        Failure   Level  Hunger
 Conjure Flame            Conj/Fire      ###.....     14%         3    ##.....
 Inner Flame              Hex/Fire       ##......     26%         3    ##.....
 Fireball                 Conj/Fire      ###.......   78%         5    ####...


Dungeon Overview and Level Annotations

Branches:
Dungeon (5/15)             Temple (1/1) D:4

Altars:
Ashenzari
Cheibriados
Dithmenos
Fedhas
Gozag
Kikubaaqudgha
Makhleb
Okawaru
Qazlal
Ru
Uskayaw
Vehumet
Wu Jian
Xom
Yredelemnul
Zin
The Shining One

Shops:
D:4 *

Annotations:
D:4 Blork the orc


Innate Abilities, Weirdness & Mutations

((You have sharp toenails.))
((You are partially covered in iridescent scales. (AC +2)))


Message History

Blork the orc hits you but does no damage.
Casting: Sticky Flame (quite dangerous; 43% risk of failure)
Confirm with . or Enter, or press ? or * to list all spells.
Aiming: Sticky Flame (quite dangerous; 43% risk of failure)
Press: ? - help, Shift-Dir - straight line, f - Blork the orc
Aim: Blork the orc, wielding a +0 short sword and wearing a +0 robe (moderately wounded)
The sticky flame hits Blork the orc.
Blork the orc is moderately wounded.
Blork the orc is covered in liquid flames!
Blork the orc burns!
The orc hits you but does no damage.
The orc warrior hits you with a +0 trident.
* * * LOW HITPOINT WARNING * * *
The orc hits you but does no damage.
Blork the orc gestures at you while chanting.
The puff of flame hits you but does no damage.
It was a potion of brilliance.
You feel clever all of a sudden.
Blork the orc burns!
The orc hits you but does no damage.
The orc warrior hits you with a +0 trident.
You die...

♣..... #......#
...≈≈≈
##......########
#............<..
##.#############
#.#### ##....#
#..##.# #oo##.#
#o♣##)# ##o##.#
###o##.#
#.oo##+###
###o5....#
#......#
.......<...
......∩......
/5........#####


You could see Blork the orc (burning), an orc warrior, an orc wizard, a shadow
imp and 5 orcs.

Vanquished Creatures
  A scorpion (D:4)
  A worker ant (D:4)
  6 adders
  A worm (D:3)
  A dart slug (D:2)
  4 leopard geckos
  5 giant cockroaches
  6 goblins
  5 hobgoblins
  6 jackals
  2 ball pythons (D:1)
  11 bats
  6 frilled lizards
  7 kobolds
  7 rats
69 creatures vanquished.

Vanquished Creatures (others)
  170 foxfires
170 creatures vanquished.

Grand Total: 239 creatures vanquished

Notes
Turn   | Place    | Note
-------+----------+-------------------------------------------
     0 | D:1      | DerDa the Demonspawn Fire Elementalist began the quest for
                  | the Orb.
     0 | D:1      | Reached XP level 1. HP: 13/13 MP: 3/3
   297 | D:1      | Gained mutation: You are partially covered in iridescent
                  | scales. (AC +2) [demonic ancestry]
   297 | D:1      | Reached XP level 2. HP: 17/19 MP: 0/5
   919 | D:2      | Reached XP level 3. HP: 24/24 MP: 6/6
  1137 | D:2      | Gained mutation: You have sharp toenails. [demonic
                  | ancestry]
  1137 | D:2      | Reached XP level 4. HP: 30/30 MP: 8/8
  1370 | D:2      | Learned a level 4 spell: Sticky Flame
  2282 | D:3      | Found a radiant altar of Vehumet.
  2287 | D:3      | Found a blossoming altar of Fedhas.
  2493 | D:4      | Reached XP level 5. HP: 35/35 MP: 9/9
  2538 | D:4      | Found a staircase to the Ecumenical Temple.
  2554 | Temple   | Entered the Ecumenical Temple
  2670 | D:4      | Reached skill level 1 in Shields
  2785 | D:4      | Found Wyuni's General Store.
  2789 | D:4      | Noticed Blork the orc
  2802 | D:5      | Entered Level 5 of the Dungeon
  2802 | D:5      | Noticed an orc warrior
  2809 | D:4      | Slain by an orc warrior

Levels and vault maps discovered:
D:1:      minmay_arrival_checkered_box, layout_rooms
D:2:      layout_basic, minmay_misc_feat_secret_circle, minmay_tall_x
D:3:      layout_loops_corners, nicolae_overflow_hidden_temple,
          minmay_stone_trees_medium, kennysheep_generic_room_14
D:4:      layout_basic, elyvilon_altar_3, temple_pool_b, serial_shops, shop,
          first_ration, uniq_blork_the_orc
D:5:      layout_rooms, corexii_hall_statues_l
Temple:   minmay_freezing_vapour_temple

Skill      XL: |  1  2  3  4  5 |
---------------+----------------+-----
Fire Magic     | 3 |  3.8
Conjurations   | 2 3 |  3.0
Spellcasting   | 3 |  3.3
Shields        | 1 |  1.1
Dodging        | |  1.7
Stealth        | |  1.7

Action                   |  1- 3 |  4- 6 || total
-------------------------+-------+-------++-------
Melee: Whip              |    29 |     5 ||    34
 Cast: Foxfire           |    51 |    67 ||   118
       Sticky Flame      |       |     2 ||     2
  Use: Potion            |       |     3 ||     3
       Scroll            |       |     1 ||     1
  Eat: Chunk             |     1 |     5 ||     6
Armor: Robe              |    15 |    13 ||    28
       Skin              |       |     9 ||     9
Dodge: Dodged            |    39 |    17 ||    56

Table legend:
 A = Non-vault XP
 B = Vault XP
 C = Vault XP percentage of total XP
 D = Non-vault monster count
 E = Vault monster count
 F = Vault count percentage of total count
                 A         B        C        D         E       F
            +---------+---------+-------+---------+---------+-------
      Total |     272 |      20 |   6.8 |      65 |       4 |   5.8
            +---------+---------+-------+---------+---------+-------
        D:1 |      33 |       0 |   0.0 |      20 |       0 |   0.0
        D:2 |      72 |      20 |  21.7 |      23 |       4 |  14.8
        D:3 |      51 |       0 |   0.0 |      14 |       0 |   0.0
        D:4 |     116 |       0 |   0.0 |       8 |       0 |   0.0
            +---------+---------+-------+---------+---------+-------
